AoeStats
← Dd

Arabia

509858387Analyzed
4v4 RM · 3d ago on Sep 28, 2026· 25m 10s· 8 players
Game mode
Random Map
Map size
Large (8 player)
Population
200
Speed
Normal
Resources
Standard
Victory
Conquest
Starting age
Dark Age
Ending age
Imperial Age
RankedLock teamsTeams togetherTeam positionsShared explorationLock speedFull tech treeHidden civsTurbo modeCheats
Victory
Defeat
🇨🇳 Franks · China
1440
+15
🇭🇰 Maya · Hong Kong SAR China
1410
+16
🇻🇳 Vietnamese · Vietnam
1407
+16
🇨🇳 Magyars · China
1367
+19
🇭🇰 Khmer · Hong Kong SAR China
1450
-18
🇰🇷 Inca · South Korea
1412
-16
🇦🇷 Persians · Argentina
1406
-16
🇯🇵 Mongols · Japan
1398
-16
VNS__Pan
6:27 Loom
8:56 Feudal Age
9:47 Double-Bit Axe
14:57 Fletching
18:31 Horse Collar
19:13 Padded Archer Armor
22:33 Castle Age
21:06 Gold Mining
23:11 Bodkin Arrow
22:38 Crossbowman
24:59 Leather Archer Armor
24:56 Bow Saw
crazy ant
0:26 Loom
8:53 Feudal Age
10:12 Double-Bit Axe
14:17 Fletching
15:18 Padded Archer Armor
17:33 Gold Mining
18:19 Wheelbarrow
17:28 Horse Collar
22:28 Castle Age
22:31 Crossbowman
23:06 Bodkin Arrow
24:47 Bow Saw
25:53 Leather Archer Armor
418436883
6:16 Loom
9:30 Feudal Age
12:57 Double-Bit Axe
19:44 Bloodlines
Dd
6:41 Loom
9:23 Feudal Age
10:37 Double-Bit Axe
12:28 Wheelbarrow
15:32 Scale Barding Armor
18:42 Forging
22:38 Castle Age
20:49 Gold Mining
23:50 Chain Barding Armor
虫
9:50 Feudal Age
11:02 Double-Bit Axe
14:48 Bloodlines
17:51 Scale Barding Armor
17:57 Forging
19:55 Horse Collar
24:28 Castle Age
23:02 Gold Mining
23:49 Wheelbarrow
25:18 Husbandry
25:35 Bow Saw
25:27 Heavy Plow
26:04 Gold Shaft Mining
ふぁいやー
8:24 Feudal Age
9:03 Double-Bit Axe
9:06 Loom
13:59 Fletching
22:53 Castle Age
21:38 Padded Archer Armor
21:30 Gold Mining
23:57 Wheelbarrow
23:06 Horse Collar
22:56 Crossbowman
23:32 Bodkin Arrow
jetty8282-한국인
6:24 Loom
9:25 Feudal Age
11:15 Fletching
felixaleman1010
6:12 Loom
6:27 Loom
8:54 Feudal Age
9:20 Double-Bit Axe
9:17 Horse Collar
19:03 Bloodlines
21:33 Scale Barding Armor
22:16 Forging
26:11 Castle Age
24:34 Gold Mining
Connection lost

Rejoining the realm…

Still unreachable

The connection could not be restored.

Session expired

The server has moved on; the page needs a fresh start.